 Dungeon Crawl Stone Soup version 0.26-a0-812-g31a745ddcd (webtiles) character file.

Game seed: 15656573018135356390

11052 kae the Martial Artist (level 11, -4/61 (63) HPs)
             Began as a Tengu Transmuter on Nov 19, 2020.
             Was an Elder of Hepliaklqana.
             Slain by a blink frog (15 damage)
             ... on level 2 of the Lair of Beasts.
             The game lasted 00:13:53 (14866 turns).

kae the Martial Artist (Tengu Transmuter)          Turns: 14866, Time: 00:13:53

HP:   -4/61 (63)    AC:  2    Str: 16    XL:     11   Next: 71%
MP:   14/16         EV: 35    Int: 16    God:    Hepliaklqana [****..]
Gold: 652           SH:  0    Dex: 24    Spells: 3/16 levels left

rFire    . . .     SeeInvis +     - Unarmed
rCold    . . .     Faith    .   (shield currently unavailable)
rNeg     . . .     Spirit   .   (armour currently unavailable)
rPois    .         Reflect  .   (helmet currently unavailable)
rElec    .         Harm     .   (cloak currently unavailable)
rCorr    .         Rampage  .   (gloves currently unavailable)
MR       .....                  (boots unavailable)
Stlth    ++........             t - amulet "Surhonwi" {Regen+ Str+3 Int+2 Dex+4}
HPRegen  0.60/turn              d - ring of see invisible
MPRegen  0.15/turn              w - ring of poison resistance

@: spider-form, flying quickly and evasively, quick
A: tiny, reduced essence, able to fly
a: Stop Flying, End Transformation, Recall Ancestor, Ancestor Identity,
Transference, Idealise, Renounce Religion


You were on level 2 of the Lair of Beasts.
You worshipped Hepliaklqana.
Hepliaklqana was greatly pleased with you.
You were a venomous arachnid creature.
You visited 2 branches of the dungeon, and saw 11 of its levels.
You also visited: Sewer.

You collected 652 gold pieces.

Inventory:

Armour
 c - +0 steam dragon scales (melded)
Jewellery
 d - a ring of see invisible (left front leg)
 e - an uncursed ring of wizardry
 p - an uncursed ring of resist corrosion
 t - the amulet "Surhonwi" (around neck) {Regen+ Str+3 Int+2 Dex+4}
   (You acquired it on level 6 of the Dungeon)

   [amulet of regeneration]

   It affects your strength (+3).
   It affects your intelligence (+2).
   It affects your dexterity (+4).
   It increases your rate of regeneration.
 v - an uncursed ring of protection from cold
 w - a ring of poison resistance (right front leg)
 H - an uncursed ring of stealth {unknown}
 I - a cursed ring of teleportation {unknown}
 K - a +4 ring of slaying {unknown}
 L - a +6 ring of intelligence {unknown}
 M - an uncursed amulet of magic regeneration {unknown}
Wands
 b - a wand of iceblast (22)
 x - a wand of acid (8)
 y - a wand of disintegration (16)
 B - a wand of polymorph (3)
 C - a wand of random effects (24)
 E - a wand of digging (5)
 J - a wand of flame (34)
Scrolls
 a - a scroll of amnesia
 h - 6 scrolls of remove curse
 n - a scroll of enchant armour
 o - 2 scrolls of magic mapping
 s - 2 scrolls of blinking
 u - 3 scrolls of teleportation
 A - a scroll of fear
 N - 3 scrolls of identify
Potions
 f - 2 potions of haste
 g - 6 potions of might {unknown}
 i - 4 potions of flight
 j - a potion of invisibility
 k - 4 potions of brilliance {unknown}
 l - 4 potions of curing {unknown}
 m - a potion of degeneration
 q - a potion of resistance {unknown}
 r - a potion of berserk rage {unknown}
 z - a potion of cancellation {unknown}
 D - a potion of magic
 F - a potion of heal wounds
 G - 2 potions of attraction {unknown}


   Skills:
 + Level 9.3 Fighting
 - Level 8.0 Dodging
 * Level 9.8 Unarmed Combat
 - Level 3.0 Spellcasting
 - Level 8.0 Transmutations
 * Level 4.0 Ice Magic
 - Level 4.0 Poison Magic


You had 3 spell levels left.
You knew the following spells:

 Your Spells              Type           Power        Failure   Level
a - Beastly Appendage     Tmut           ####..       4%          1
b - Spider Form           Tmut/Pois      ###.......   14%         3
c - Blade Hands           Tmut           ####......   38%         5
d - Ice Form              Ice/Tmut       ###.....     34%         4

Your spell library contained the following spells:

 Spells                   Type           Power        Failure   Level
 Wereblood                Tmut           ####....     5%          2
 Shock                    Conj/Air       #...         38%         1
 Summon Small Mammal      Summ           #...         38%         1
 Call Imp                 Summ           #.......     50%         2
 Swiftness                Air            #.......     50%         2
 Call Canine Familiar     Summ           #.......     71%         3
 Confusing Touch          Hex            #.......     71%         3
 Gell's Gravitas          Tloc           #.........   71%         3
 Static Discharge         Conj/Air       #.......     71%         3
 Summon Guardian Golem    Hex/Summ       #.......     71%         3
 Petrify                  Tmut/Erth      ###.....     56%         4
 Summon Ice Beast         Ice/Summ       #.......     82%         4
 Yara's Violent Unravell  Hex/Tmut       ###.......   86%         5
 Airstrike                Air            #.........   96%         4
 Summon Lightning Spire   Summ/Air       #.......     96%         4
 Metabolic Englaciation   Hex/Ice        #.........   98%         5
 Lightning Bolt           Conj/Air       #.........   100%        5


Dungeon Overview and Level Annotations

Branches:
Dungeon (9/15)             Temple (0/1) D:4            Lair (2/6) D:8
  Swamp (0/4) Lair:2        Sewer (visited)
 Shoals: Lair:2-4     Snake: Lair:2-4    Spider: Lair:2-4       Orc: D:9-12

Altars:
Cheibriados
Dithmenos
Elyvilon
Fedhas
Hepliaklqana
Qazlal
Sif Muna
Trog
Uskayaw
Vehumet
Beogh

Annotations:
D:5 3 runed translucent doors, emiel's ghost, novice OpFi


Innate Abilities, Weirdness & Mutations

((You have a beak for a mouth.))
((You have claws for feet.))
You can fly continuously.
Your life essence is reduced to manifest your ancestor. (-10% HP)


Message History

The black mamba is almost dead.
The blink frog hits you. The blink frog completely misses you.
The black mamba misses you. The blink frog completely misses you.
You bite the black mamba!
You kill the black mamba!
Your Ice Magic skill increases to level 4!
The blink frog completely misses you.
The blink frog blinks!
The blink frog hits you.
The blink frog blinks!
The blink frog blinks!
The blink frog hits you!
* * * LOW HITPOINT WARNING * * *
You closely miss the blink frog. The blink frog completely misses you.
You bite the blink frog!
The blink frog is moderately wounded.
The blink frog completely misses you.
You bite the blink frog!
The blink frog is poisoned.
The blink frog is severely wounded.
The blink frog completely misses you. x2; The blink frog hits you!
You die...

.... . ...#.# ####
#.####.#..# ##
..........##..#≈≈
..............≈≈
.......#.##.≈≈ #...#?.....≈
#...†....... ### . ##
#F..#......♣
##.####P.##P####s..#...P.≈.
...............F.F.....#.≈
...................##.##.≈
.........................
..................?.......
#..........................
............####..##......#
#........................ #
..........#........#...!.


You could see 3 blink frogs.

Vanquished Creatures
  2 two-headed ogres (D:8)
  Pikel (D:8)
  2 black mambas
  A komodo dragon (D:8)
  A troll (D:9)
  6 blink frogs
  10 yaks
  Grum (Lair:1)
  A steam dragon (D:6)
  4 insubstantial wisps (Lair:2)
  Duvessa (D:6)
  5 water moccasins
  3 black bears
  A phantom (D:4)
  A hornet zombie (D:8)
  A necrophage (D:6)
  An ice beast (D:6)
  2 sky beasts
  A centaur (D:9)
  4 ogres
  4 wolves (Lair:1)
  2 lemures
  A gnoll sergeant (D:7)
  9 bullfrogs
  6 scorpions
  4 howler monkeys
  A quasit (D:8)
  3 hounds
  Ijyb (D:5)
  4 orc priests
  A centaur skeleton (D:9)
  An orc wizard (D:7)
  A bullfrog skeleton (D:6)
  4 iguanas
  5 worker ants
  A hound skeleton (D:4)
  A worker ant zombie (D:8)
  8 adders
  4 gnolls
  A shadow imp (D:7)
  5 oozes
  8 worms
  An adder skeleton (D:7)
  A dart slug (D:2)
  4 leopard geckos
  24 orcs
  8 giant cockroaches
  2 goblins
  10 hobgoblins
  13 jackals
  8 kobolds
  5 quokkas
  2 ball pythons
  12 bats
  8 frilled lizards
  A leopard gecko skeleton (D:4)
  A quokka skeleton (D:5)
  5 rats
229 creatures vanquished.

Vanquished Creatures (collateral kills)
  A wyvern (D:8)
  An ice beast (D:7)
  3 ogres
  A phantom (D:6)
  2 lemures (D:8)
  Dowan (D:6)
  An orc wizard (D:6)
  A bullfrog skeleton (D:5)
  A hound skeleton (D:6)
  9 adders
  3 gnolls
  3 oozes
  3 worms
  2 leopard geckos
  6 orcs
  A ball python (Sewer)
  A giant cockroach (D:4)
  3 jackals
  A bat (Sewer)
44 creatures vanquished.

Vanquished Creatures (others)
  8 hexers
  An ancestor (D:4)
  43 fungi
  49 plants
101 creatures vanquished.

Grand Total: 374 creatures vanquished

Notes
Turn   | Place    | Note
-------+----------+-------------------------------------------
     0 | D:1      | kae the Tengu Transmuter began the quest for the Orb.
     0 | D:1      | Reached XP level 1. HP: 12/12 MP: 4/4
   219 | D:1      | Reached XP level 2. HP: 7/16 MP: 4/6
   935 | D:1      | Reached XP level 3. HP: 15/20 MP: 5/7
   940 | D:1      | Learned a level 3 spell: Spider Form
  1810 | D:2      | Found a snail-covered altar of Cheibriados.
  1810 | D:2      | Found a hazy altar of Hepliaklqana.
  1811 | D:2      | Found a hide-covered altar of Uskayaw.
  1811 | D:2      | Found a shimmering blue altar of Sif Muna.
  1811 | D:2      | Found a bloodstained altar of Trog.
  1812 | D:2      | Found a radiant altar of Vehumet.
  1852 | D:2      | Became a worshipper of Hepliaklqana the Forgotten
  2047 | D:2      | Reached skill level 1 in Poison Magic
  2212 | D:2      | Reached XP level 4. HP: 12/22 MP: 6/8
  3005 | D:2      | Found a shadowy altar of Dithmenos.
  3006 | D:2      | Found a stormy altar of Qazlal.
  3437 | D:3      | Noticed a bullfrog
  3445 | D:3      | Killed a bullfrog
  3445 | D:3      | Gained mutation: You can fly continuously. [Tengu growth]
  3445 | D:3      | Reached XP level 5. HP: 26/26 MP: 7/9
  3625 | D:3      | HP: 1/26 [quokka (4)]
  4138 | D:3      | Reached * piety under Hepliaklqana
  4211 | D:3      | Reached XP level 6. HP: 19/30 MP: 6/10
  4456 | D:4      | Found a staircase to the Ecumenical Temple.
  4494 | D:4      | Found a glowing drain.
  4601 | Sewer    | Entered a sewer
  5549 | D:4      | Reached XP level 7. HP: 34/34 MP: 6/11
  5634 | D:4      | Reached skill level 5 in Unarmed Combat
  6499 | D:4      | Reached skill level 5 in Transmutations
  6691 | D:4      | Reached XP level 8. HP: 38/38 MP: 8/12
  6785 | D:5      | Entered Level 5 of the Dungeon
  6793 | D:5      | Reached ** piety under Hepliaklqana
  6804 | D:5      | Remembered your ancestor Octavia as a hexer
  7164 | D:5      | Found a blossoming altar of Fedhas.
  7538 | D:5      | Noticed Ijyb
  7560 | D:5      | Killed Ijyb
  7630 | D:5      | Found a runed translucent gate.
  7630 | D:5      | Identified the +9 mace of Jatadeh {antimagic, rPois rN+}
  7630 | D:5      | Identified the cursed +0 chain mail of Courage {rC+ MR++
                  | SInv Stlth+}
  7631 | D:5      | Found a runed translucent gate.
  7632 | D:5      | Noticed emiel's ghost (novice OpFi)
  7632 | D:5      | Found a roughly hewn altar of Beogh.
  7632 | D:5      | Found a runed translucent gate.
  8444 | D:6      | Reached XP level 9. HP: 38/40 MP: 9/13
  8629 | D:6      | Noticed Duvessa
  8629 | D:6      | Noticed Dowan
  8686 | D:6      | Killed Duvessa
  8698 | D:6      | Killed Dowan
  9118 | D:6      | You are sucked into a shaft and drop 1 floor!
  9155 | D:6      | HP: 1/40 [scorpion (6)]
 10366 | D:7      | Reached *** piety under Hepliaklqana
 10751 | D:6      | Learned a level 5 spell: Blade Hands
 10800 | D:6      | Identified a scroll of acquirement
 10800 | D:6      | Acquired the amulet "Surhonwi" {Regen+ Str+3 Int+2 Dex+4}
 11106 | D:7      | Found a white marble altar of Elyvilon.
 11342 | D:7      | Reached skill level 5 in Dodging
 11485 | D:8      | Noticed a two-headed ogre
 11566 | D:8      | Killed a two-headed ogre
 11566 | D:8      | Reached skill level 5 in Fighting
 11566 | D:8      | Reached XP level 10. HP: 51/51 MP: 9/14
 11824 | D:8      | Found a staircase to the Lair.
 12010 | D:8      | Noticed a two-headed ogre
 12304 | D:8      | Noticed Pikel
 12361 | D:8      | Killed a two-headed ogre
 12366 | D:8      | Killed Pikel
 12723 | D:9      | Reached XP level 11. HP: 60/60 MP: 11/16
 13287 | D:9      | Found a shadowy altar of Dithmenos.
 13322 | D:9      | Reached **** piety under Hepliaklqana
 13781 | Lair:1   | Entered Level 1 of the Lair of Beasts
 13865 | Lair:1   | Learned a level 4 spell: Ice Form
 14016 | Lair:1   | Noticed Grum
 14035 | Lair:1   | Killed Grum
 14046 | Lair:1   | Reached skill level 1 in Ice Magic
 14513 | Lair:2   | Found a staircase to the Swamp.
 14866 | Lair:2   | Slain by a blink frog

Illustrated notes

Levels and vault maps discovered:
D:1:      lightli_arrival_maybe_door_vault, layout_basic
D:2:      minmay_alternating_diamond, layout_basic, grunt_temple_overflow_open,
          chequers_temple_overflow_statue_of_worship
D:3:      layout_basic
D:4:      minmay_chambers_of_threes, layout_basic,
          minmay_temple_entry_glassed_door, gup_sewer_entry_glass,
          grunt_ministairs_4
D:5:      layout_cave_pods, nicolae_overflow_crystal_walls,
          biasface_ghost_orc_armoury, uniq_ijyb
D:6:      layout_basic, uniq_duvessa
D:7:      layout_cave_pools, elyvilon_altar_5, mrwooster_statue_mirror
D:8:      layout_basic, due_lair_maze_entry_diamond, uniq_pikel
D:9:      layout_basic, basic_altar
Lair:1:   layout_roguey, uniq_grum
Lair:2:   layout_chaotic_city, minmay_swamp_entry_wisps,
          chequers_serial_rivers_marsh, uniq_sonja

Skill      XL: |  1  2  3  4  5  6  7  8  9 10 11 |
---------------+----------------------------------+-----
Transmutations | 2 3 4 5 7 8 |  8.0
Poison Magic   | 1 2 3 4 |  4.0
Unarmed Combat | 4 5 7 8 9 |  9.8
Fighting       | 5 8 9 |  9.3
Dodging        | 6 8 |  8.0
Spellcasting   | 3 |  3.0
Ice Magic      | 4 |  4.0

Action                   |  1- 3 |  4- 6 |  7- 9 | 10-12 || total
-------------------------+-------+-------+-------+-------++-------
Melee: Unarmed           |   102 |   170 |   269 |   289 ||   830
       Kick              |    22 |    22 |     4 |     7 ||    55
       Peck              |    14 |    18 |     1 |     6 ||    39
       Headbutt          |     5 |     9 |     4 |       ||    18
       Punch             |     1 |     1 |       |     1 ||     3
 Cast: Beastly Appendage |    21 |    18 |     8 |       ||    47
       Spider Form       |       |     8 |    46 |    33 ||    87
Invok: Recall Ancestor   |       |     2 |     6 |     4 ||    12
       Ancestor Life: He |       |       |     1 |       ||     1
 Abil: Fly               |       |     1 |       |       ||     1
Evoke: Wand              |       |       |       |     2 ||     2
  Use: Scroll            |       |     8 |    13 |     1 ||    22
       Potion            |       |     1 |       |       ||     1
 Stab: Sleeping          |     1 |     1 |     1 |       ||     3
       Distracted        |       |     2 |     7 |     1 ||    10
       Confused          |       |       |     1 |     4 ||     5
Armor: Robe              |    26 |    13 |     4 |       ||    43
       Skin              |       |     4 |     9 |     5 ||    18
       Steam dragon scal |       |       |       |     3 ||     3
Dodge: Dodged            |    73 |   136 |   282 |   337 ||   828

Table legend: (Time is in decaauts)
 A = Elapsed time spent in this place.
 B = Non-inter-level travel time spent in this place.
 C = Inter-level travel time spent in this place.
 D = Time resting spent in this place.
 E = Time spent auto-exploring this place.
 F = Levels seen in this place.
 G = Mean time per level.
                   A        B        C        D        E       F      G
               +--------+--------+--------+--------+--------+-----+--------+
         Total |  14251 |  13715 |    536 |   1304 |  10221 |  12 | 1187.6 |
       Dungeon |  12374 |  11851 |    523 |    948 |   9114 |   9 | 1374.9 |
          Lair |    996 |    984 |     12 |    125 |    587 |   2 |  498.0 |
         Sewer |    880 |    880 |      0 |    231 |    520 |   1 |  880.0 |
               +--------+--------+--------+--------+--------+-----+--------+

Top non-repeatable levels by time:
     D:6: 2578 daAuts
     D:1: 1755 daAuts
     D:4: 1464 daAuts
     D:2: 1381 daAuts
     D:5: 1302 daAuts
     D:3: 1191 daAuts
     D:9: 1000 daAuts
     D:8: 970 daAuts
   Sewer: 880 daAuts
     D:7: 729 daAuts
  Lair:1: 722 daAuts
  Lair:2: 274 daAuts
